 Dungeon Crawl Stone Soup version 0.32-a0-673-g3729bd50f8 (webtiles) character file.

Game seed: 7363165084291681823

174 gruber the Shooter (level 5, -2/38 HPs)
             Began as a Coglin Hunter on Mar 10, 2024.
             Slain by an orc
             ... wielding a +0 falchion
              (5 damage)
             ... on level 3 of the Dungeon.
             The game lasted 00:01:54 (1907 turns).

gruber the Shooter (Coglin Hunter)                  Turns: 1907, Time: 00:01:55

Health: -2/38      AC:  3    Str:  9    XL:     5   Next: 54%
Magic:  5/5        EV: 12    Int: 12    God:
Gold:   53         SH:  0    Dex: 22    Spells: 4/4 levels left

rFire   . . .        a - +2 sling {Kaori}
rCold   . . .        d - +0 sling {Leofric}
rNeg    . . .        c - +0 leather armour
rPois   .            (no helmet)
rElec   .            (no cloak)
rCorr   .            (no gloves)
SInv    .            (no boots)
Will    +....        (amulet unavailable)
Stlth   ++           (ring unavailable)
HPRegen 0.26/turn    (ring unavailable)
MPRegen 0.09/turn    (no gizmo)

%: no passive effects
@: enlightened, flying, revving
A: off-hand wielding, slow wielding, warmup strikes, no jewellery, agile 1,
clever 1
a: Invent Gizmo


You were on level 3 of the Dungeon.
You visited 1 branch of the dungeon, and saw 3 of its levels.

You collected 53 gold pieces.

Inventory:

Hand Weapons
 a - a +2 sling (weapon) {Kaori}
 d - a +0 sling (offhand) {Leofric}
Armour
 c - a +0 leather armour (worn)
 l - a +2 ring mail of cold resistance
Scrolls
 b - a scroll of butterflies
 e - a scroll of identify {unknown}
 f - a scroll of blinking {unknown}
 g - a scroll of amnesia {unknown}
 p - a scroll of enchant weapon {unknown}
Potions
 i - a potion of cancellation {unknown}
 j - a potion of curing {unknown}
 k - 3 potions of mutation
 m - a potion of magic {unknown}
 n - a potion of heal wounds {unknown}
 o - a potion of haste {unknown}


   Skills:
 - Level 2.0 Fighting
 + Level 6.0 Ranged Weapons
 - Level 1.7 Dodging
 - Level 0.7 Stealth


You had 4 spell levels left.
You didn't know any spells.
Your spell library contained the following spells:

 Spells                   Type           Power      Damage    Failure   Level
 Lesser Beckoning         Tloc           0%         N/A       56%         2
 Gell's Gravitas          Tloc           0%         N/A       80%         3
 Teleport Other           Tloc           0%         N/A       80%         3


Dungeon Overview and Level Annotations

Branches:
Dungeon (3/15)

Altars:

Shops:
D:1 [=


Innate Abilities, Weirdness & Mutations

You can wield a second weapon in your off-hand.
It takes a long time for you to wield or remove held weapons.
Your first few attacks do less damage.
You cannot equip rings or amulets.
You are agile. (Dex +4, Str/Int -1)
Your mind is acute. (Int +4, Str/Dex -1)


Message History

Unknown command.
You are too injured to fight recklessly!
Unknown command.
Fire: a) +2 sling {Kaori}
Press: ? - help, Q - select action Shift-Dir - straight line, p - orc You shoot a sling bullet. x2
The orc misses you. Something hits you but does no damage.
Fire: a) +2 sling {Kaori}
Press: ? - help, Q - select action Shift-Dir - straight line You shoot a sling bullet. x2
The orc hits you but does no damage. Something hits you but does no damage.
Fire: a) +2 sling {Kaori}
Press: ? - help, Q - select action Shift-Dir - straight line You shoot a sling bullet. x2
The orc hits you with a +0 falchion. Something hits you but does no damage.
Fire: a) +2 sling {Kaori}
Press: ? - help, Q - select action Shift-Dir - straight line You shoot a sling bullet. x2
The orc hits you with a +0 falchion.
* * * LOW HITPOINT WARNING * * *
Something hits you.
* * * LOW HITPOINT WARNING * * *
Fire: a) +2 sling {Kaori}
Press: ? - help, Q - select action Shift-Dir - straight line You shoot a sling bullet. x2
The orc hits you with a +0 falchion.
* * * LOW HITPOINT WARNING * * *
Something hits you.
* * * LOW HITPOINT WARNING * * *
The orc barely misses you. Something hits you.
* * * LOW HITPOINT WARNING * * *
Unknown command.
You are too injured to fight recklessly!
It was a potion of mutation.
You feel extremely strange.
You feel clever.
You feel agile. The orc misses you. Something barely misses you.
It was a potion of enlightenment.
You feel very buoyant.
You fly up into the air.
The orc hits you with a +0 falchion.
You die...

#~~~##### ..
.######~~~~~ ... #.
#~~~~~#### ....
..###~~####### ....# ###
. #~~~#~~~~~~~
........#.##############
.....)#.#....$# #.###.
......{o.†.# ######.....
.....))@##.###....>.....
...#####.....#..........
#.....#..........
#.....#..........
#....).)...[.....
#....#...........
###....##.........)
#......##.........#
#......##..........


You could see an orc.

Vanquished Creatures
  Natasha (twice) (D:3)
  2 adders (D:2)
  3 ribbon worms
  4 dart slugs
  8 orcs (D:3)
  8 ball pythons
  5 endoplasms
  10 goblins
  6 hobgoblins
  3 quokkas
  3 bats
  4 frilled lizards
  7 kobolds
  21 rats
86 creatures vanquished.

Notes
Turn   | Place    | Note
-------+----------+-------------------------------------------
     0 | D:1      | gruber the Coglin Hunter began the quest for the Orb.
     0 | D:1      | Reached XP level 1. HP: 16/16 MP: 1/1
    19 | D:1      | Found Tyisyclun's Jewellery Boutique.
   104 | D:1      | Reached skill level 4 in Ranged Weapons
   104 | D:1      | Reached XP level 2. HP: 22/22 MP: 2/2
   130 | D:1      | Found Nestunty's Antique Armour Shop.
   504 | D:1      | Reached XP level 3. HP: 16/27 MP: 3/3
  1082 | D:2      | Reached skill level 5 in Ranged Weapons
  1082 | D:2      | Reached XP level 4. HP: 33/33 MP: 4/4
  1112 | D:2      | Found a faded altar of an unknown god.
  1614 | D:3      | Noticed Natasha
  1620 | D:3      | Killed Natasha
  1621 | D:3      | Reached XP level 5. HP: 38/38 MP: 5/5
  1632 | D:3      | Noticed Natasha
  1637 | D:3      | Killed Natasha
  1866 | D:3      | Reached skill level 6 in Ranged Weapons
  1906 | D:3      | Gained mutation: Your mind is acute. (Int +4, Str/Dex -1)
                  | [potion of mutation]
  1906 | D:3      | Gained mutation: You are agile. (Dex +4, Str/Int -1)
                  | [potion of mutation]
  1907 | D:3      | Slain by an orc

Illustrated notes

Levels and vault maps discovered:
D:1:      sevenhm_arrival_forest_fort_small_6, layout_basic, serial_forest,
          infiniplex_forest_end_3, infiniplex_forest_lined_room_,
          infiniplex_forest_straight_3, infiniplex_forest_lined_3_way,
          infiniplex_forest_zigzag_1, infiniplex_forest_lined_corner,
          serial_shops, nicolae_shop_waterfront, shop,
          chequers_serial_rivers_micro_a
D:2:      layout_loops_ring, shapermc_ecumenical_altar_mp_ritualfount,
          minmay_rat_hole
D:3:      layout_basic, serial_rivers, chequers_serial_rivers_micro_d,
          chequers_serial_rivers_large_b, chequers_serial_rivers_marsh,
          chequers_serial_rivers_small_b, chequers_serial_rivers_room_b,
          chequers_serial_rivers_room_a, st_stairs_3, uniq_natasha

Skill      XL: |  1  2  3  4  5 |
---------------+----------------+-----
Ranged Weapons | 4 5 6 |  6.0
Fighting       | |  2.0
Dodging        | |  1.7
Stealth        | |  0.7

Action                     |  1- 3 |  4- 6 || total
---------------------------+-------+-------++-------
   Fire: Sling             |   158 |   182 ||   340
    Use: Potion            |       |     2 ||     2
 Armour: Leather armour    |    14 |    25 ||    39
  Dodge: Dodged            |    10 |    21 ||    31

Table legend: (Time is in decaauts)
 A = Elapsed time spent in this place.
 B = Non-inter-level travel time spent in this place.
 C = Inter-level travel time spent in this place.
 D = Time resting spent in this place.
 E = Time spent auto-exploring this place.
 F = Levels seen in this place.
 G = Mean time per level.
                   A        B        C        D        E       F      G
               +--------+--------+--------+--------+--------+-----+--------+
         Total |   1972 |   1915 |     57 |      0 |   1607 |   3 |  657.3 |
       Dungeon |   1972 |   1915 |     57 |      0 |   1607 |   3 |  657.3 |
               +--------+--------+--------+--------+--------+-----+--------+

Top non-repeatable levels by time:
     D:1: 857 daAuts
     D:2: 715 daAuts
     D:3: 399 daAuts
